 Dungeon Crawl Stone Soup version 0.20-a0-495-g2241292 (webtiles) character file.

46 M4edhros the Grave Robber (level 3, 0/31 HPs)
             Began as an Octopode Necromancer on Jan 19, 2017.
             Slain by an orc (1 damage)
             ... on level 3 of the Dungeon.
             The game lasted 00:01:04 (197 turns).

M4edhros the Grave Robber (Octopode Necromancer)     Turns: 197, Time: 00:01:05

Health: 0/31       AC: 21    Str:  7    XL:     3   Next: 66%
Magic:  3/6        EV:  2    Int: 22    God:
Gold:   0          SH:  0    Dex: 13    Spells: 4/6 levels left

rFire    . . .     SeeInvis .     - Unarmed
rCold    . . .     Gourm    .   (no shield)
rNeg     + + +     Faith    .   (helmet currently unavailable)
rPois    +         Spirit   .   (no amulet)
rElec    .         Reflect  .   g - -3 ring of evasion
rCorr    .         Harm     .   (no ring)
MR       .....     NoTele   +   (no ring)
Stlth    ++........             (no ring)
Regen    0.1/turn               (no ring)
                                (no ring)
                                (no ring)
                                (no ring)

@: brilliant, tree-form
A: almost no armour, stealthy swim, (amphibious), 8 rings, (constrict 8),
(camouflage 0), (gelatinous body 0)
a: no special abilities


You were on level 3 of the Dungeon.
You were not hungry.
You were a tree.
You visited 1 branch of the dungeon, and saw 3 of its levels.

Inventory:

Jewellery
 g - a -3 ring of evasion (left branch)
Books
 a - a book of Necromancy

   Spells                             Type                      Level
   a - Pain                           Necromancy                   1
   b - Animate Skeleton               Necromancy                   1
   c - Vampiric Draining              Necromancy                   3
   d - Regeneration                   Charms/Necromancy            3
   e - Animate Dead                   Necromancy                   4
   f - Control Undead                 Necromancy                   4
Comestibles
 b - a bread ration
 c - a meat ration
 h - a chunk of flesh


   Skills:
 - Level 2.0 Dodging
 - Level 2.6 Stealth
 + Level 3.1 Unarmed Combat
 - Level 2.0 Spellcasting
 - Level 4.0 Necromancy


You had 4 spell levels left.
You knew the following spells:

 Your Spells              Type           Power        Failure   Level  Hunger
a - Pain                  Necr           ####         1%          1    #......
b - Animate Skeleton      Necr           N/A          1%          1    #......


Dungeon Overview and Level Annotations

Branches:
Dungeon (3/15)

Altars:


Innate Abilities, Weirdness & Mutations

You cannot wear most types of armour.
You are very stealthy in the water. (Stealth+)
((You are amphibious.))
You can wear up to eight rings at the same time.
((You can use your tentacles to constrict eight enemies at once.))
((Your skin changes colour to match your surroundings (Stealth+).))
((Your rubbery body absorbs attacks. (AC +1, EV +1)))


Message History

The orc is almost dead.
The orc hits you but does no damage. x3
The orc barely misses your frilled lizard skeleton.
The orc hits you with a club.
* * * LOW HITPOINT WARNING * * *
Your frilled lizard skeleton bites the orc but does no damage.
You hit the orc.
You kill the orc!
The orc hits you but does no damage. x3
Your frilled lizard skeleton barely misses the orc.
Unknown command.
You smack the orc!
The orc is almost dead.
The orc hits you but does no damage. The orc completely misses you.
The orc hits you but does no damage.
Unknown command.
You smack the orc!
You kill the orc!
The orc hits you.
You die...

.........#######..
#..#..............
#..#.#............
#..#.#..######....
#####..#.#..######.###
.......(...........#
###....########..#
..#####..#...# ##.#
......o♣Z#.#...... #.#
#.####))o....##... ...
#..###### ## #### #..#
#..# #..# #..# ...#


You could see 2 orcs and a friendly frilled lizard skeleton.

Vanquished Creatures
  An orc priest (D:3)
  A worm (D:3)
  2 orcs (D:3)
  2 giant cockroaches
  A goblin (D:3)
  3 jackals (D:3)
  2 frilled lizards (D:3)
12 creatures vanquished.

Notes
Turn   | Place    | Note
-------+----------+-------------------------------------------
     0 | D:1      | M4edhros the Octopode Necromancer began the quest for the Orb.
     0 | D:1      | Reached XP level 1. HP: 11/11 MP: 3/3
    90 | D:3      | Reached skill level 1 in Unarmed Combat
   104 | D:3      | Reached XP level 2. HP: 4/17 MP: 1/5
   168 | D:3      | Learned a level 1 spell: Animate Skeleton
   186 | D:3      | Reached XP level 3. HP: 6/21 MP: 2/6
   194 | D:3      | HP: 1/31 [orc/club (2)]
   197 | D:3      | Slain by an orc

Vault maps used:
D:1:      sevenhm_arrival_forest_fort_small_3, hex_large,
          hangedman_decor_growths
D:2:      first_bread, uniq_jessica
D:3:      minmay_misc_feat_cross, minmay_stone_trees_medium,
          nicolae_tso_carved_into_rock, uniq_crazy_yiuf_cottage

Skill      XL: |  1  2 |
---------------+-------+-----
Unarmed Combat | 1 3 |  3.1
Dodging        | |  2.0
Stealth        | |  2.6
Spellcasting   | |  2.0
Necromancy     | |  4.0

Action                   || total
-------------------------++-------
Melee: Unarmed           ||    31
       Constrict         ||     4
       Tentacles         ||     3
       Punch             ||     1
 Cast: Pain              ||     7
       Animate Skeleton  ||     1
  Use: Potion            ||     2
       Scroll            ||     1
 Stab: Sleeping          ||     1
Armor: Skin              ||    23
Dodge: Dodged            ||    14
